 Dungeon Crawl Stone Soup version 0.26-b1-32-g5d43845318 (webtiles) character file.

Game seed: 6475174621000719497

93 TrebMcFLY the Chopper (level 4, -17/35 HPs)
             Began as a Formicid Fighter on Jan 11, 2021.
             Blown up by Ijyb (25 damage)
             ... with a disintegration bolt
             ... on level 3 of the Dungeon.
             The game lasted 00:03:04 (2788 turns).

TrebMcFLY the Chopper (Formicid Fighter)            Turns: 2788, Time: 00:03:05

Health: -17/35     AC:  6    Str: 21    XL:     4   Next: 92%
Magic:  4/4        EV:  5    Int:  8    God:
Gold:   177        SH: 16    Dex: 10    Spells: 3/3 levels left

rFire    . . .     SeeInvis +   a - +0 war axe
rCold    . . .     Faith    .   o - +2 tower shield
rNeg     . . .     Spirit   .   b - +0 scale mail
rPois    .         Reflect  .   (helmet unavailable)
rElec    .         Harm     .   (no cloak)
rCorr    .         Rampage  .   (no gloves)
Will     .....                  (no boots)
Stlth    ..........             (no amulet)
HPRegen  0.11/turn              (no ring)
MPRegen  0.09/turn              (no ring)

@: no status effects
A: permanent stasis, dig shafts and tunnels, four strong arms, antennae 3
a: Dig, Shaft Self


You were on level 3 of the Dungeon.
You visited 1 branch of the dungeon, and saw 3 of its levels.

You collected 177 gold pieces.

Inventory:

Hand Weapons
 a - a +0 war axe (weapon)
Missiles
 f - 2 curare-tipped darts
Armour
 b - a +0 scale mail (worn)
 c - a +0 kite shield
 o - a +2 tower shield (worn)
Scrolls
 g - 2 scrolls of identify {unknown}
 j - 2 scrolls of teleportation {unknown}
 k - a scroll of enchant armour {unknown}
 m - 2 scrolls of remove curse {unknown}
 n - a scroll of immolation {unknown}
 p - a scroll of blinking {unknown}
Potions
 d - 3 potions of might
 e - a potion of attraction {unknown}
 h - 2 potions of curing {unknown}
 i - a potion of heal wounds {unknown}
 l - a potion of mutation {unknown}


   Skills:
 - Level 3.2 Fighting
 * Level 4.7 Axes
 - Level 3.2 Armour
 - Level 3.6 Shields


You had 3 spell levels left.
You didn't know any spells.
Your spell library contained the following spells:

 Spells                   Type           Power        Failure   Level
 Summon Small Mammal      Summ           0%           100%        1
 Call Imp                 Summ           0%           100%        2
 Call Canine Familiar     Summ           0%           100%        3
 Summon Guardian Golem    Hex/Summ       0%           100%        3
 Summon Ice Beast         Ice/Summ       0%           100%        4
 Summon Lightning Spire   Summ/Air       0%           100%        4


Dungeon Overview and Level Annotations

Branches:
Dungeon (3/15)

Altars:

Annotations:
D:3 Ijyb


Innate Abilities, Weirdness & Mutations

You cannot be hasted, slowed, berserked, paralysed or teleported.
You can dig through walls and to a lower floor.
Your four strong arms can wield two-handed weapons with a shield.
You have a pair of large antennae on your head. (SInv)


Message History

Ijyb is moderately wounded.
An orc comes into view. It is wielding a +0 short sword.
You block Ijyb's attack.
The orc shouts!
You hit Ijyb.
Ijyb is heavily wounded.
You block Ijyb's attack.
An orc comes into view. It is wielding a +0 hand axe.
An orc comes into view. It is wielding a +0 flail.
You block Ijyb's attack.
The orc moves out of view.
Your shield and scale mail prevent you from hitting Ijyb.
Ijyb is heavily wounded.
The orc shouts!
You hear a shout!
You block Ijyb's attack.
You hear a shout!
You hit Ijyb.
Ijyb is heavily wounded.
Ijyb zaps a wand.
You are blasted!
Ouch! That really hurt!
You die...

##################
#..............@.#
#.##############g#
##...............o#
)..............#.o#
##..########## #{o#
##..# #..# ....#
#..# ....# #..# {
#..## #..#


You could see Ijyb and 3 orcs.

Vanquished Creatures
  Terence (D:2)
  An ooze (D:1)
  4 worms
  A dart slug (D:1)
  A ball python (D:2)
  6 bats
  3 giant cockroaches
  4 goblins (D:1)
  4 hobgoblins
  7 jackals (D:1)
  5 kobolds
  A quokka (D:3)
  3 frilled lizards
  7 rats
48 creatures vanquished.

Notes
Turn   | Place    | Note
-------+----------+-------------------------------------------
     0 | D:1      | TrebMcFLY the Formicid Fighter began the quest for the Orb.
     0 | D:1      | Reached XP level 1. HP: 18/18 MP: 1/1
   106 | D:1      | Reached XP level 2. HP: 14/24 MP: 2/2
   270 | D:1      | Reached skill level 3 in Axes
   401 | D:1      | Reached XP level 3. HP: 29/29 MP: 3/3
  1390 | D:2      | Reached skill level 4 in Axes
  1390 | D:2      | Reached XP level 4. HP: 35/35 MP: 4/4
  1935 | D:2      | Noticed Terence
  1943 | D:2      | Killed Terence
  2774 | D:3      | Noticed Ijyb
  2788 | D:3      | Blown up by Ijyb

Illustrated notes

Levels and vault maps discovered:
D:1:      scummos_arrival_simple_crosswalls, layout_loops_cross
D:2:      layout_basic, uniq_terence
D:3:      layout_loops_ring, uniq_ijyb

Skill      XL: |  1  2  3 |
---------------+----------+-----
Axes           | 3 4 |  4.7
Fighting       | |  3.2
Armour         | |  3.2
Shields        | |  3.6

Action                   |  1- 3 |  4- 6 || total
-------------------------+-------+-------++-------
Melee: War axe           |   134 |    43 ||   177
Armor: Scale mail        |    52 |    14 ||    66
Dodge: Dodged            |    43 |    11 ||    54
Block: Kite shield       |    86 |    14 ||   100
       Tower shield      |       |    11 ||    11
